 Dungeon Crawl Stone Soup version 0.25.1-2-g60ff931df9 (console) character file.

Game seed: 12632564366454118833

24 Colgate the Poker (level 3, 52/52 HPs)
             Began as a Gnoll Berserker on Aug 12, 2020.
             Was a Follower of Trog.
             Quit the game on level 2 of the Dungeon on Aug 13, 2020.
             The game lasted 00:07:59 (294 turns).

Colgate the Poker (Gnoll Berserker)                  Turns: 294, Time: 00:08:00

Health: 52/52      AC:  9    Str: 20    XL:     3   Next: 2%
Magic:  3/3        EV: 12    Int:  9    God:    Trog [*.....]
Gold:   24         SH:  0    Dex: 14    Spells: 3/3 levels left

rFire    . . .     SeeInvis .   a - +0 spear
rCold    . . .     Gourm    .   (no shield)
rNeg     . . .     Faith    .   k - +0 scale mail
rPois    .         Spirit   +   d - +0 helmet
rElec    .         Reflect  .   (no cloak)
rCorr    .         Harm     .   (no gloves)
MR       .....                  l - +0 pair of boots
Stlth    ..........             j - amulet of guardian spirit
HPRegen  0.17/turn              (no ring)
MPRegen  0.08/turn              (no ring)

@: berserking, very quick
A: distributed training, fangs 1, strong nose
a: Berserk, Renounce Religion


You were on level 2 of the Dungeon.
You worshipped Trog.
Trog was aware of your devotion.
You were not hungry.

You visited 1 branch of the dungeon, and saw 2 of its levels.

You collected 24 gold pieces.

Inventory:

Hand Weapons
 a - a +0 spear (weapon)
Missiles
 i - 10 stones (quivered)
Armour
 b - a +0 animal skin
 d - a +0 helmet (worn)
 h - a +0 leather armour
 k - a +0 scale mail (worn)
 l - a +0 pair of boots (worn)
Jewellery
 j - an amulet of guardian spirit (around neck)
Scrolls
 e - a scroll of magic mapping {unknown}
 g - a scroll of remove curse {unknown}
Comestibles
 c - 2 rations
 f - 9 chunks of flesh


   Skills:
 + Level 6.5 Fighting
 + Level 0.5 Short Blades
 + Level 0.5 Long Blades
 + Level 0.5 Axes
 + Level 0.5 Maces & Flails
 + Level 6.5 Polearms
 + Level 0.5 Staves
 + Level 0.5 Slings
 + Level 0.5 Bows
 + Level 0.5 Crossbows
 + Level 0.5 Throwing
 + Level 4.5 Armour
 + Level 4.5 Dodging
 + Level 0.5 Stealth
 + Level 0.5 Shields
 + Level 0.5 Unarmed Combat
 + Level 0.5 Spellcasting
 + Level 0.4 Conjurations
 + Level 0.4 Hexes
 + Level 0.4 Charms
 + Level 0.4 Summonings
 + Level 0.4 Necromancy
 + Level 0.4 Translocations
 + Level 0.4 Transmutations
 + Level 0.4 Fire Magic
 + Level 0.4 Ice Magic
 + Level 0.4 Air Magic
 + Level 0.4 Earth Magic
 + Level 0.4 Poison Magic
 + Level 0.7 Invocations
 + Level 0.5 Evocations


You had 3 spell levels left.
You didn't know any spells.
Your spell library was empty.

Dungeon Overview and Level Annotations

Branches:
Dungeon (1/15)

Altars:


Innate Abilities, Weirdness & Mutations

Your experience applies equally to all skills.
You have very sharp teeth.
Your uncanny sense of smell can sniff out nearby items.


Message History

The adder is heavily wounded.
The goblin completely misses you. The adder barely misses you.
You closely miss the adder.
The adder is heavily wounded.
The jackal pauses to sniff the ground.
You closely miss the adder.
The adder is heavily wounded.
The adder closely misses you. The goblin closely misses you.
You miss the adder.
The adder is heavily wounded.
The adder bites you but does no damage.
You hit the adder.
You kill the adder!
Trog accepts your kill.
You have reached level 3!
Your experience leads to an increase in your attributes!
Increase (S)trength, (I)ntelligence, or (D)exterity?
You feel stronger. The goblin misses you.
Are you sure you want to abandon this character and quit the game? (Confirm with "yes".)

## .## ..## ###
..# #.b. #?## .
K.?). #@.# ...
.!##!.#(g#.....
.s##!.hK.......
..S$........###
#....#$.....#
######......#
..#....# .##
...## # ...#
..##


You could see a jackal, a goblin and a kobold.

Vanquished Creatures
  An adder (D:2)
  4 goblins
  2 kobolds (D:1)
  A ball python (D:1)
  3 bats
  2 frilled lizards (D:1)
  4 rats
17 creatures vanquished.

Notes
Turn   | Place    | Note
-------+----------+-------------------------------------------
     0 | D:1      | Colgate the Gnoll Berserker began the quest for the Orb.
     0 | D:1      | Reached XP level 1. HP: 23/23 MP: 1/1
    88 | D:1      | Reached XP level 2. HP: 27/29 MP: 2/2
   276 | D:1      | You fall into a shaft and drop 1 floor!
   293 | D:2      | Reached XP level 3. HP: 35/35 MP: 3/3
   294 | D:2      | Quit the game

Illustrated notes

Levels and vault maps discovered:
D:1:      tarquinn_simple_flora_water_a, layout_loops_cross,
          minmay_misc_feat_rows
D:2:      layout_basic, minmay_randomly_rotated_circles, uniq_sigmund

Action                   || total
-------------------------++-------
Melee: Spear             ||    38
       Bite              ||     1
Throw: Stone             ||     4
Invok: Berserk           ||     1
Armor: Animal skin       ||     1
       Scale mail        ||     7
Dodge: Dodged            ||    15
